 Dungeon Crawl Stone Soup version 0.22-a0-247-gbddf880 (webtiles) character file.

4292 KristoblXynda the Grappler (level 10, 0/69 HPs)
             Began as a Red Draconian Monk on Feb 24, 2018.
             Was a Priest of Hepliaklqana.
             Slain by an iguana (8 damage)
             ... on level 8 of the Dungeon.
             The game lasted 00:16:13 (7954 turns).

KristoblXynda the Grappler (Red Draconian Monk)     Turns: 7954, Time: 00:16:14

Health: 0/69       AC: 10    Str: 15    XL:     10   Next: 11%
Magic:  14/14      EV: 19    Int: 13    God:    Hepliaklqana [***...]
Gold:   469        SH:  0    Dex: 13    Spells: 9/9 levels left

rFire    + . .     SeeInvis .   r - +2 dagger (venom)
rCold    . . .     Gourm    +   (no shield)
rNeg     . . .     Faith    .   (armour unavailable)
rPois    .         Spirit   .   (helmet restricted)
rElec    .         Reflect  .   j - +2 cloak
rCorr    .         Harm     .   (no gloves)
MR       .....                  (no boots)
Stlth    +++.......             o - amulet of the gourmand
HPRegen  0.21/turn              i - ring of stealth
MPRegen  0.14/turn              b - +3 ring of evasion

@: no status effects
A: breathe fire, unfitting armour, reduced essence, fire resistance 1,
cold-blooded, AC +7
a: Breathe Fire, Recall Ancestor, Ancestor Identity, Transference, Renounce
Religion


You were on level 8 of the Dungeon.
You worshipped Hepliaklqana.
Hepliaklqana was most pleased with you.
You were full.

You visited 2 branches of the dungeon, and saw 9 of its levels.

You collected 469 gold pieces.

Inventory:

Hand Weapons
 c - a +2 falchion of holy wrath
 r - a +2 dagger of venom (weapon)
 t - a +5 dagger
Missiles
 q - 2 throwing nets (quivered)
Armour
 j - a +2 cloak (worn)
Jewellery
 b - a +3 ring of evasion (right hand)
 i - a ring of stealth (left hand)
 o - an amulet of the gourmand (around neck)
Wands
 w - a wand of iceblast (18)
Scrolls
 e - 3 scrolls of remove curse
 f - 4 scrolls of teleportation
 h - a scroll of immolation
 n - 2 scrolls of fog
 s - a scroll of enchant weapon {unknown}
 v - a scroll of random uselessness {unknown}
 x - 2 scrolls of amnesia
 y - a scroll of acquirement {unknown}
 z - a scroll of magic mapping
Potions
 d - a potion of flight {unknown}
 g - a potion of heal wounds
 k - 2 potions of haste
 l - 2 potions of curing
 m - 2 potions of agility {unknown}
 p - a potion of might {unknown}
 u - a potion of berserk rage {unknown}
Comestibles
 a - 12 rations


   Skills:
 - Level 3.2 Fighting
 + Level 7.6 Dodging
 - Level 1.7 Stealth
 + Level 11.2 Unarmed Combat
 + Level 0.6 Invocations
 + Level 5.7 Evocations


You had 9 spell levels left.
You didn't know any spells.

Dungeon Overview and Level Annotations

Branches:
Dungeon (8/15)             Temple (1/1) D:5            Lair (0/6) D:8

Altars:
Ashenzari
Cheibriados
Dithmenos
Elyvilon
Fedhas
Gozag
Hepliaklqana
Makhleb
Nemelex Xobeh
Okawaru
Qazlal
Ru
Sif Muna
Trog
Uskayaw
Vehumet
Xom
Yredelemnul
Zin
The Shining One

Annotations:
D:8 1 transporter, Joseph


Innate Abilities, Weirdness & Mutations

You can breathe blasts of fire.
Your fiery red scales are hard. (AC +7)
You cannot fit into any form of body armour.
Your flesh is heat resistant. (rF+)
You are cold-blooded and may be slowed by cold attacks.
Your life essence is reduced to manifest your ancestor. (-10% HP)


Message History

The iguana bites you.
* * * LOW HITPOINT WARNING * * *
The adder misses you.
You closely miss the adder.
The adder is heavily wounded.
The adder closely misses you. The iguana misses you. The adder misses you.
You hit the adder.
The adder is poisoned.
Your tail-slap misses the adder.
Your punch misses the adder.
The adder is almost dead.
The iguana bites you!
* * * LOW HITPOINT WARNING * * *
The adder misses you.
You closely miss the adder.
You kill the adder!
The iguana bites you.
* * * LOW HITPOINT WARNING * * *
You hit the iguana but do no damage.
The iguana looks even sicker.
The iguana is heavily wounded.
The iguana bites you!
You die...

#.########.#
#......l...#
#.....@#
#=####.# #.#
#.# #.# #.#
#.# #.#


You could see an iguana.

Vanquished Creatures
  The ghost of Gorglomux the Fighter, a novice MiEE of Makhleb (D:8)
  A two-headed ogre (D:7)
  A gargoyle (D:7)
  A steam dragon (D:7)
  2 sky beasts
  2 phantoms
  2 ogres (D:4)
  A centaur (D:7)
  A big kobold (D:7)
  A bullfrog (D:3)
  A gnoll sergeant (D:7)
  A wyvern zombie (D:6)
  A wyvern skeleton (D:6)
  4 killer bees (D:8)
  A howler monkey (D:7)
  2 crimson imps
  A centaur skeleton (D:4)
  4 hounds
  5 orc priests
  An iguana (D:4)
  Natasha (twice) (D:4)
  4 orc wizards
  5 worker ants
  4 adders
  14 gnolls
  2 shadow imps
  2 oozes
  5 worms
  4 dart slugs
  4 leopard geckos
  13 orcs
  6 bats
  7 giant cockroaches
  10 goblins
  11 hobgoblins
  5 jackals
  15 kobolds
  2 quokkas
  6 frilled lizards
  A leopard gecko zombie (D:7)
  5 rats
161 creatures vanquished.

Vanquished Creatures (collateral kills)
  A hungry ghost (D:7)
  A phantom (D:7)
  A bullfrog (D:7)
  A howler monkey (D:7)
  A bullfrog zombie (D:7)
  An iguana (D:6)
  2 orc wizards (D:5)
  5 gnolls
  An adder (D:5)
  A shadow imp (D:7)
  A leopard gecko (D:6)
  An orc (D:5)
  A quokka skeleton (D:7)
18 creatures vanquished.

Vanquished Creatures (others)
  A hexer (D:8)
1 creature vanquished.

Grand Total: 180 creatures vanquished

Notes
Turn   | Place    | Note
-------+----------+-------------------------------------------
     0 | D:1      | KristoblXynda the Draconian Monk began the quest for the Orb.
     0 | D:1      | Reached XP level 1. HP: 19/19 MP: 1/1
   173 | D:1      | Reached XP level 2. HP: 26/26 MP: 2/2
   554 | D:2      | Reached XP level 3. HP: 28/31 MP: 3/3
   639 | D:2      | Reached skill level 4 in Unarmed Combat
  1095 | D:2      | Noticed a sky beast
  1112 | D:2      | Killed a sky beast
  1112 | D:2      | Reached skill level 5 in Unarmed Combat
  1112 | D:2      | Reached XP level 4. HP: 27/38 MP: 4/4
  1112 | D:2      | Reached XP level 5. HP: 32/45 MP: 5/5
  1503 | D:2      | Found a glowing silver altar of Zin.
  2338 | D:3      | Reached skill level 6 in Unarmed Combat
  2338 | D:3      | Reached XP level 6. HP: 42/51 MP: 6/6
  2903 | D:4      | Found a basalt altar of Yredelemnul.
  2913 | D:4      | Your scales start taking on a fiery red colour.
  2913 | D:4      | Reached XP level 7. HP: 52/57 MP: 7/7
  2913 | D:4      | Gained mutation: Your flesh is heat resistant. (rF+) [Red Draconian growth]
  2935 | D:4      | Reached skill level 7 in Unarmed Combat
  3175 | D:4      | Noticed Natasha
  3183 | D:4      | Killed Natasha
  3228 | D:4      | Reached skill level 5 in Dodging
  3311 | D:4      | Noticed Natasha
  3421 | D:4      | Found an iron altar of Okawaru.
  3673 | D:4      | Killed Natasha
  3897 | D:5      | Entered Level 5 of the Dungeon
  4392 | D:5      | Found a staircase to the Ecumenical Temple.
  4407 | Temple   | Entered the Ecumenical Temple
  4452 | Temple   | Became a worshipper of Hepliaklqana the Forgotten
  4452 | Temple   | Reached * piety under Hepliaklqana
  4452 | Temple   | Reached ** piety under Hepliaklqana
  4461 | D:5      | Remembered your ancestor Sinnashi as a hexer
  4592 | D:5      | Reached skill level 8 in Unarmed Combat
  4595 | D:5      | Reached skill level 1 in Evocations
  4600 | D:5      | Reached XP level 8. HP: 15/56 MP: 8/8
  4877 | D:5      | Found a deep blue altar of Sif Muna.
  6041 | D:6      | Found a blossoming altar of Fedhas.
  6195 | D:6      | Found a sparkling altar of Nemelex Xobeh.
  6195 | D:6      | Found an opulent altar of Gozag.
  6314 | D:7      | Noticed a two-headed ogre
  6327 | D:7      | Killed a two-headed ogre
  6327 | D:7      | Reached skill level 9 in Unarmed Combat
  6327 | D:7      | Reached XP level 9. HP: 37/63 MP: 9/11
  6455 | D:7      | Reached skill level 10 in Unarmed Combat
  6617 | D:7      | Noticed a gargoyle
  6625 | D:7      | Killed a gargoyle
  6848 | D:7      | Reached *** piety under Hepliaklqana
  7138 | D:7      | Reached skill level 5 in Evocations
  7584 | D:8      | Found a staircase to the Lair.
  7589 | D:8      | Found a transporter.
  7594 | D:8      | Noticed Gorglomux's ghost (novice MiEE)
  7627 | D:8      | Killed Gorglomux's ghost
  7627 | D:8      | Reached skill level 11 in Unarmed Combat
  7627 | D:8      | Reached XP level 10. HP: 41/69 MP: 12/14
  7934 | D:8      | Noticed Joseph
  7954 | D:8      | Slain by an iguana

Vault maps used:
D:1:      dpeg_arrival_lava_altar
D:2:      old_standard_altar
D:3:      grunt_ministairs_8
D:4:      lemuel_round_altar, nicolae_overflow_hidden_temple, uniq_natasha
D:5:      led_sif_book, minmay_temple_entry_metal_lava, first_ration,
          hangedman_decor_riveting
D:6:      grunt_temple_overflow_opulence, fedhas_altar_fruit_tree
D:7:      lemuel_upstairs_altar
D:8:      gammafunk_cloud_chamber, lemuel_mausoleum_altar_kikubaaqudgha,
          lair_entry_dummy, special_room, uniq_joseph
Temple:   cyrus_circular_temple

Skill      XL: |  1  2  3  4  5  6  7  8  9 |
---------------+----------------------------+-----
Dodging        | 3 4 5 6 7 |  7.6
Unarmed Combat | 5 6 8 9 11 | 11.2
Evocations     | 1 3 5 |  5.7
Fighting       | |  3.2
Stealth        | |  1.7
Invocations    | |  0.6

Action                   |  1- 3 |  4- 6 |  7- 9 | 10-12 || total
-------------------------+-------+-------+-------+-------++-------
Melee: Unarmed           |   116 |       |    20 |       ||   136
       Tailslap          |    18 |    15 |    50 |     6 ||    89
       Dagger            |    44 |   132 |   332 |    70 ||   578
       Punch             |       |     5 |    17 |       ||    22
Invok: Ancestor Life: He |       |       |     1 |       ||     1
 Abil: Breathe Fire      |       |       |     8 |       ||     8
  Use: Scroll            |     2 |     2 |     8 |     1 ||    13
       Potion            |       |       |     5 |     3 ||     8
 Stab: Sleeping          |     5 |     5 |    13 |     1 ||    24
       Distracted        |     1 |       |     3 |     1 ||     5
       Confused          |       |       |     5 |     1 ||     6
  Eat: Chunk             |       |     6 |    28 |       ||    34
Armor: Skin              |    52 |    44 |    85 |    15 ||   196
Dodge: Dodged            |   110 |    87 |   294 |    73 ||   564

Table legend:
 A = Spawn XP
 B = Non-spawn XP
 C = Spawn XP percentage of total XP
 D = Spawn monster count
 E = Non-spawn monster count
 F = Spawn count percentage of total count
 G = Total turns spent on level
                    A         B        C        D         E        F      G
               +---------+---------+-------+---------+---------+-------+---------
         Total |       0 |    6132 |   0.0 |       0 |     179 |   0.0 |  7954
               +---------+---------+-------+---------+---------+-------+---------
           D:1 |       0 |      40 |   0.0 |       0 |      22 |   0.0 |   547
           D:2 |       0 |     199 |   0.0 |       0 |      30 |   0.0 |  1060
           D:3 |       0 |     262 |   0.0 |       0 |      27 |   0.0 |  1028
           D:4 |       0 |     685 |   0.0 |       0 |      23 |   0.0 |  1266
           D:5 |       0 |     370 |   0.0 |       0 |      20 |   0.0 |  1376
           D:6 |       0 |     536 |   0.0 |       0 |      14 |   0.0 |   976
           D:7 |       0 |    2662 |   0.0 |       0 |      32 |   0.0 |  1276
           D:8 |       0 |    1378 |   0.0 |       0 |      11 |   0.0 |   370
               +---------+---------+-------+---------+---------+-------+---------
